 Dungeon Crawl Stone Soup version 0.29-a0-323-g050149af67 (webtiles) character file.

Game seed: 11801007020655019814

484 spaghetti the Conjurer (level 7, -5/61 HPs)
             Began as an Octopode Conjurer on Apr 10, 2022.
             Was a Priest of Zin.
             Slain by a killer bee (7 damage)
             ... on level 5 of the Dungeon.
             The game lasted 00:06:31 (5227 turns).

spaghetti the Conjurer (Octopode Conjurer)          Turns: 5227, Time: 00:06:32

Health: -5/61      AC: 23    Str:  8    XL:     7   Next: 12%
Magic:  0/15       EV:  2    Int: 23    God:    Zin [***...]
Gold:   168        SH:  0    Dex: 11    Spells: 10/17 levels left

rFire   . . .      SeeInvis .   k - +1 short sword (venom) {short}
rCold   . . .      Faith    .   (no shield)
rNeg    . . .      Spirit   +   (helmet currently unavailable) rPois โˆž Reflect .
                                p - amulet of guardian spirit
rElec   .          Harm     .   (no ring)
rCorr   .          Rampage  .   (no ring)
Will    .....      NoTele   +   (no ring)
Stlth   ++........              (no ring)
HPRegen 0.20/turn               (no ring)
MPRegen 0.14/turn               (no ring)
                                (no ring)
                                (no ring)

@: mighty, vitalised, tree-form, attractive, hasted, very quick
A: stationary, stasis, torment immunity, boosted hp, almost no armour,
(amphibious), 8 rings, (camouflage 1), (gelatinous body 1), (nimble swimmer 1),
(tentacles)
a: Renounce Religion, Recite, Vitalisation, Imprison, Donate Gold


You were on level 5 of the Dungeon.
You worshipped Zin.
Zin was most pleased with you.
You were a tree.
You visited 1 branch of the dungeon, and saw 5 of its levels.

You collected 186 gold pieces.
You donated 18 gold pieces to Zin.


Innate Abilities, Weirdness & Mutations

You are a tree.
Your roots penetrate the ground, keeping you stationary.
You cannot be teleported.
You are immune to unholy pain and torment.
Your maximum health is greatly increased.
You are immune to poison.
You cannot wear most types of armour.
((You are amphibious.))
You can wear up to eight rings at the same time.
((Your skin changes colour to match your surroundings (Stealth+).))
((Your rubbery body absorbs attacks. (AC +1, EV +1)))
((You are camouflaged when in or above water. (Stealth+)))
((You have tentacles for arms and can constrict up to eight enemies at once.))


   Skills:
 - Level 2.0 Dodging
 - Level 2.6 Stealth
 + Level 5.5 Spellcasting
 - Level 6.0 Conjurations
 - Level 0.6 Transmutations


You had 10 spell levels left.
You knew the following spells:

 Your Spells              Type           Power      Damage    Failure   Level
a - Magic Dart            Conj           100%       1d8       1%          1
b - Searing Ray           Conj           66%        2d6       1%          2
c - Fulminant Prism       Conj/Hex       10%        3d9       26%         4

Your spell library contained the following spells:

 Spells                   Type           Power      Damage    Failure   Level
 Dazzling Flash           Conj/Hex       40%        N/A       8%          3
 Portal Projectile        Hex/Tloc       12%        N/A       26%         3
 Iskenderun's Mystic Bla  Conj/Tloc      20%        2d6       26%         4
 Blade Hands              Tmut           4%         N/A       88%         5
 Excruciating Wounds      Necr           3%         N/A       94%         5

Inventory:

Hand Weapons
 d - a +0 dagger {short}
   (You took it off a kobold on level 1 of the Dungeon)
 g - a +0 dagger {short}
   (You took it off a kobold on level 1 of the Dungeon)
 i - a +0 spear {polearm}
   (You found it on level 1 of the Dungeon)
 k - a +1 short sword of venom (weapon) {short}
   (You took it off a kobold on level 1 of the Dungeon)
Missiles
 a - 2 throwing nets {=f!fthrowing}
 e - 139 stones {throwing}
Armour
 w - a +1 hat (melded)
   (You found it on level 4 of the Dungeon)
Jewellery
 p - an amulet of guardian spirit (around neck)
   (You found it on level 2 of the Dungeon)
Scrolls
 f - 3 scrolls of teleportation {@r4}
 h - a scroll of blinking {unknown}
 l - 2 scrolls of vulnerability {unknown}
 n - a scroll of immolation {unknown}
 o - 5 scrolls of identify {unknown}
 q - 3 scrolls of fear {unknown}
 s - a scroll of noise {unknown}
 t - 2 scrolls of fog {unknown}
 v - a scroll of summoning {unknown}
Potions
 j - a potion of lignification {forbidden!q}
 r - a potion of might
 u - a potion of haste {@q3}

Dungeon Overview and Level Annotations

Branches:
Dungeon (5/15)             Temple (0/1) D:4

Altars:
Gozag
Xom
Zin

Annotations:
D:5 exclusions: acid dragon and 1 more exclusion, Ijyb

#.# ##.y ..# .. #.
### ####ยง###...
#.....โ€ #..
#.#..#y#.#
#.##โ™ฃ#.# #.
#.#.# # #.#.# # #
#. #.#.# #.#...
#.#.# #.#.#. #.#.#
..... ### ####.#.#
#.#.###.###....#..
#......#.##.#### #


You could see a killer bee.


Message History

The searing ray hits the killer bee.
You kill the killer bee!
You finish channelling your searing ray.
* * * LOW HITPOINT WARNING * * *
You feel sick.
Your Spellcasting skill increases to level 5!
You have reached level 7! ๐Ÿ˜ฑ HP[-1] MP[-1]
You now have 41 max hp (+5).
Unknown command.
Unknown command.
Zin grants you divine stamina. ๐Ÿ˜ฑ MP[-2]
You lost 2 mp, and now have 0/14 mp.
Unknown command.
Unknown command.
A killer bee is nearby!
It was a potion of lignification.
You turn into a tree.
Your +1 hat melds into your body.
Your roots penetrate the ground.
Zin forgives your inadvertent chaotic act, just this once. ๐Ÿ˜ฑ HP[+5] MP[+1]
You now have 61 max hp (+20).
You regained 5 hp, and now have 13/61 hp.
It was a potion of attraction.
You feel attractive to monsters.
The killer bee buzzes angrily.
You hear an angry buzzing noise.
The killer bee stings you but does no damage.
Press: ? - help, v - describe, . - travel, g - get item
Here: a killer bee Item here: a killer bee corpse.
The floor.
You closely miss the killer bee.
The killer bee stings you but does no damage.
The killer bee stings you.
* * * LOW HITPOINT WARNING * * *
Your divine stamina protects you from poison! ๐Ÿ˜ฑ HP[-3] MP[-1]
You take 3 damage, and now have 10/61 hp.
You lost 1 mp, and now have 0/14 mp.
Unknown command.
Unknown command.
It was a potion of degeneration.
There was something very wrong with that liquid.
Your divine stamina protects you from strength loss.
Your divine stamina protects you from intelligence loss.
Your divine stamina protects you from dexterity loss.
The killer bee barely misses you.
The killer bee stings you but does no damage.
The killer bee is attracted toward you. ๐Ÿ˜ฑ HP[+1] It was a potion of might.
You feel very mighty all of a sudden.
You are no longer poisoned.
The killer bee stings you but does no damage.
The killer bee stings you.
* * * LOW HITPOINT WARNING * * *
๐Ÿ˜ฑ HP[-3]
You take 3 damage, and now have 8/61 hp.
It was a potion of haste.
You feel yourself speed up. The killer bee barely misses you.
The killer bee stings you but does no damage.
Okay, then.
You closely miss the killer bee. The killer bee completely misses you.
You closely miss the killer bee.
The killer bee stings you but does no damage. x2 ๐Ÿ˜ฑ MP[+1]
You miss the killer bee.
The killer bee stings you but does no damage. x2 ๐Ÿ˜ฑ HP[+1]
Casting: Searing Ray (safe; 1% risk of failure)
Confirm with . or Enter, or press ? or * to list all spells.
Aiming: Magic Dart (safe; 1% risk of failure)
Press: ? - help, Shift-Dir - straight line, f - killer bee
Aim: a killer bee (100% to hit)
The magic dart hits the killer bee.
The killer bee stings you but does no damage. ๐Ÿ˜ฑ MP[-1]
You lost 1 mp, and now have 0/14 mp.
You barely miss the killer bee. The killer bee stings you.
* * * LOW HITPOINT WARNING * * *
Your divine stamina protects you from poison!
The killer bee is attracted toward you. ๐Ÿ˜ฑ HP[-3]
You take 3 damage, and now have 6/61 hp.
The killer bee buzzes angrily.
You hit the killer bee.
The killer bee is poisoned.
The killer bee stings you but does no damage. x2
You barely miss the killer bee. The killer bee stings you.
* * * LOW HITPOINT WARNING * * *
๐Ÿ˜ฑ HP[-4]
You take 4 damage, and now have 2/61 hp.
You aren't carrying any items that you can evoke.
Okay, then.
Unknown command.
Okay, then.
You miss the killer bee.
You kill the killer bee!
The killer bee stings you but does no damage.
You closely miss the killer bee. The killer bee stings you!
You die...

Skill      XL: |  1  2  3  4  5  6 |
---------------+-------------------+-----
Spellcasting   | 3 4 5 |  5.5
Conjurations   | 5 6 |  6.0
Dodging        | |  2.0
Stealth        | |  2.6
Transmutations | |  0.6

Action                   |  1- 3 |  4- 6 |  7- 9 || total
-------------------------+-------+-------+-------++-------
Melee: Unarmed           |    30 |       |       ||    30
       Tentacles         |    12 |     6 |       ||    18
       Constrict         |    11 |     7 |       ||    18
       Spear             |    13 |       |       ||    13
       Short sword       |     5 |    28 |     9 ||    42
       Punch             |       |     1 |       ||     1
 Cast: Magic Dart        |    52 |    61 |     1 ||   114
       Searing Ray       |       |     4 |       ||     4
Invok: Recite            |       |     2 |       ||     2
       Vitalisation      |       |       |     1 ||     1
  Use: Potion            |       |     1 |     5 ||     6
       Scroll            |       |     3 |       ||     3
 Stab: Sleeping          |     1 |       |       ||     1
Armor: Skin              |     2 |     3 |    13 ||    18
Dodge: Dodged            |    12 |    20 |     3 ||    35

Levels and vault maps discovered:
D:1:      arrival_zaba_pyramid, layout_loops_ring,
          shapermc_ecumenical_altar_flowoftime, minmay_misc_feat_chi, hex_large,
          minmay_split_cup_small
D:2:      layout_loops_ring, dk_noncrumbling_3
D:3:      layout_rooms
D:4:      layout_basic, lemuel_doored_altar, minmay_temple_entry_fiery
D:5:      layout_loops_cross, nicolae_overflow_crystal_walls, zin_angel,
          serial_co_window_serial, co_window_corner_a, co_window_paths_b,
          co_window_of_opportunity_a, co_window_paths_a, co_window_paths_b,
          co_window_corner_a, co_window_corner_a, co_window_of_opportunity_a,
          co_window_of_opportunity_a, co_window_of_opportunity_c,
          co_window_of_opportunity_b, co_window_broadway_c, co_window_4corner_b,
          co_window_4corner_a, glass_columns_a, glass_columns_a,
          glass_columns_c, glass_columns_a, uniq_ijyb

Notes
Turn   | Place    | Note
-------+----------+-------------------------------------------
     0 | D:1      | spaghetti the Octopode Conjurer began the quest for the
                  | Orb.
     0 | D:1      | Reached XP level 1. HP: 11/11 MP: 3/3
     0 | D:1      | magus.rc [v1.9.6]
   371 | D:1      | You pick up a book of Weapons and begin reading...
   371 | D:1      | You add the spells Portal Projectile, Excruciating Wounds
                  | and Blade Hands to your library.
   751 | D:1      | Found a faded altar of an unknown god.
   932 | D:1      | Prayed at the altar of an unknown god.
   932 | D:1      | Became a worshipper of Zin the Law-Giver
   932 | D:1      | Reached * piety under Zin
   976 | D:1      | Reached XP level 2. HP: 12/17 MP: 0/5
  1966 | D:2      | Reached XP level 3. HP: 21/21 MP: 4/6
  2746 | D:3      | Reached skill level 3 in Spellcasting
  2746 | D:3      | Reached XP level 4. HP: 27/27 MP: 4/8
  2978 | D:3      | Noticed a necrophage
  3017 | D:3      | Learned a level 2 spell: Searing Ray
  3022 | D:3      | Learned a level 4 spell: Fulminant Prism
  3056 | D:3      | Reached ** piety under Zin
  3190 | D:3      | Killed a necrophage
  3191 | D:3      | Reached skill level 5 in Conjurations
  3191 | D:3      | Reached XP level 5. HP: 13/31 MP: 1/10
  4016 | D:4      | Reached skill level 4 in Spellcasting
  4143 | D:4      | Reached XP level 6. HP: 36/36 MP: 10/12
  4333 | D:4      | Reached skill level 6 in Conjurations
  4634 | D:4      | Found an opulent altar of Gozag.
  4745 | D:4      | Reached *** piety under Zin
  4766 | D:4      | Found a staircase to the Ecumenical Temple.
  4805 | D:5      | Entered Level 5 of the Dungeon
  4920 | D:5      | Noticed an acid dragon
  5000 | D:5      | Found a glowing silver altar of Zin.
  5000 | D:5      | Noticed an angel
  5098 | D:5      | Noticed Ijyb
  5155 | D:5      | Found a shimmering altar of Xom.
  5210 | D:5      | HP: 9/36 [killer bee (2)]
  5212 | D:5      | Reached skill level 5 in Spellcasting
  5212 | D:5      | Reached XP level 7. HP: 8/41 MP: 2/14
  5215 | D:5      | HP: 10/61 [killer bee (3)]
  5223 | D:5      | HP: 6/61 [killer bee (3)]
  5225 | D:5      | HP: 2/61 [killer bee (4)]
  5227 | D:5      | Slain by a killer bee

Vanquished Creatures
  2 necrophages
  3 killer bees (D:5)
  A jelly (D:4)
  An orc wizard (D:5)
  3 gnolls (D:4)
  6 adders
  An ufetubus (D:4)
  A worm (D:3)
  4 dart slugs
  8 orcs
  4 ball pythons
  4 bats
  8 endoplasms
  3 giant cockroaches
  5 goblins
  5 hobgoblins
  2 frilled lizards (D:2)
  9 kobolds
  4 rats
74 creatures vanquished.

Vanquished Creatures (others)
  4 withered plants (D:1)
4 creatures vanquished.

Grand Total: 78 creatures vanquished

Table legend:
 A = Non-vault XP
 B = Vault XP
 C = Vault XP percentage of total XP
 D = Non-vault monster count
 E = Vault monster count
 F = Vault count percentage of total count
                 A         B        C        D         E       F
            +---------+---------+-------+---------+---------+-------
      Total |     686 |       6 |   0.9 |      71 |       3 |   4.1
            +---------+---------+-------+---------+---------+-------
        D:1 |      18 |       6 |  25.0 |      10 |       3 |  23.1
        D:2 |      34 |       0 |   0.0 |      17 |       0 |   0.0
        D:3 |     159 |       0 |   0.0 |      19 |       0 |   0.0
        D:4 |     251 |       0 |   0.0 |      19 |       0 |   0.0
        D:5 |     224 |       0 |   0.0 |       6 |       0 |   0.0
            +---------+---------+-------+---------+---------+-------

Illustrated notes

Table legend:
 A = Kills in this place as a percentage of kills in entire the game.
 B = Kills by you in this place as a percentage of kills by you in the entire game.
 C = Kills by friends in this place as a percentage of kills by friends in the entire game.
 D = Other kills in this place as a percentage of other kills in the entire game.
 E = Experience gained in this place as a percentage of experience gained in the entire game.
 F = Experience gained in this place divided by the number of levels of this place that you have seen.
                   A       B       C       D       E      F
               +-------+-------+-------+-------+-------+----------------------
         Total | 100.0 | 100.0 |   N/A |   N/A | 100.0 | 138.4
       Dungeon | 100.0 | 100.0 |   N/A |   N/A | 100.0 | 138.4
               +-------+-------+-------+-------+-------+----------------------

Table legend: (Time is in decaauts)
 A = Elapsed time spent in this place.
 B = Non-inter-level travel time spent in this place.
 C = Inter-level travel time spent in this place.
 D = Time resting spent in this place.
 E = Time spent auto-exploring this place.
 F = Levels seen in this place.
 G = Mean time per level.
                   A        B        C        D        E       F      G
               +--------+--------+--------+--------+--------+-----+--------+
         Total |   5228 |   5013 |    215 |    766 |   3829 |   5 | 1045.6 |
       Dungeon |   5228 |   5013 |    215 |    766 |   3829 |   5 | 1045.6 |
               +--------+--------+--------+--------+--------+-----+--------+

Top non-repeatable levels by time:
     D:1: 1626 daAuts
     D:4: 1305 daAuts
     D:3: 941 daAuts
     D:2: 934 daAuts
     D:5: 420 daAuts
